 Dungeon Crawl Stone Soup version 0.28-a0-563-gf77a47075d (webtiles) character file.

Game seed: 13854167485017124623

26 lunkers the Ruffian (level 2, 0/29 HPs)
             Began as a Troll Cinder Acolyte on Sept 29, 2021.
             Was a High Priest of Ignis.
             Slain by Crazy Yiuf (15 damage)
             ... on level 2 of the Dungeon.
             The game lasted 00:01:53 (933 turns).

lunkers the Ruffian (Troll Cinder Acolyte)           Turns: 933, Time: 00:01:54

Health: 0/29       AC:  4    Str: 21    XL:     2   Next: 89%
Magic:  2/2        EV:  9    Int: 10    God:    Ignis [*****.]
Gold:   193        SH:  5    Dex:  5    Spells: 3/3 levels left

rFire   + . .      SeeInvis .     - Unarmed
rCold   . . .      Faith    .   (no shield)
rNeg    . . .      Spirit   .   a - +0 robe
rPois   .          Reflect  +   (helmet restricted)
rElec   .          Harm     .   (no cloak)
rCorr   .          Rampage  .   (gloves unavailable)
Will    .....                   (boots unavailable)
Stlth   +.........              i - amulet of reflection
HPRegen 1.09/turn               (no ring)
MPRegen 0.08/turn               (no ring)

@: lethally poisoned (0 -> -4)
A: large, unfitting armour, claws 3, regeneration 1, shaggy fur 1, tough skin 1
a: Renounce Religion, Sea of Fire, Foxfire Swarm, Rising Flame


You were on level 2 of the Dungeon.
You worshipped Ignis.
Ignis was extremely pleased with you.
You visited 1 branch of the dungeon, and saw 2 of its levels.

You collected 193 gold pieces.

Inventory:

Missiles
 e - 51 stones (quivered)
 g - 2 boomerangs
 h - 24 poisoned darts
Armour
 a - a +0 robe (worn)
Jewellery
 i - an amulet of reflection (around neck)
Potions
 b - 3 potions of curing
 d - a potion of flight
 f - a potion of might {unknown}


   Skills:
 + Level 2.7 Fighting
 * Level 3.8 Unarmed Combat
 - Level 1.0 Spellcasting
 - Level 2.1 Fire Magic


You had 3 spell levels left.
You didn't know any spells.
Your spell library contained the following spells:

 Spells                   Type           Power      Damage    Failure   Level
 Scorch                   Fire           8%         2d5       22%         2
 Tukima's Dance           Hex            0%         N/A       71%         3
 Passage of Golubria      Tloc           N/A        N/A       98%         4
 Yara's Violent Unravell  Hex/Tmut       0%         3d3       100%        5


Dungeon Overview and Level Annotations

Branches:
Dungeon (2/15)

Altars:

Annotations:
D:2 Crazy Yiuf


Innate Abilities, Weirdness & Mutations

You are too large for most types of armour.
You have claws for hands.
Your natural rate of healing is unusually fast.
You are covered in fur. (AC +1)
You have tough skin. (AC +1)


Message History

The quokka bites you but does no damage. x2
You claw the quokka!
You kill the quokka!
No target in view!
No target in view!
i - an amulet of reflection You start putting on your amulet.
You continue putting on your amulet of reflection. x5
You finish putting on your amulet of reflection.
You feel a shielding aura gather around you.
i - an amulet of reflection (around neck)
As you read the scroll labelled YRIRECR LILIE, it crumbles to dust.
It is a scroll of identify.
b - 3 potions of curing
As you read the scroll of identify, it crumbles to dust.
d - a potion of flight A hobgoblin comes into view.
The hobgoblin shouts!
A hobgoblin is nearby!
A hobgoblin is nearby!
A hobgoblin is nearby!
The hobgoblin barely misses you.
You barely miss the hobgoblin. You block the hobgoblin's attack.
You claw the hobgoblin!
You kill the hobgoblin!
You see here a hobgoblin corpse.
Found a mace.
Found a runed translucent door.
Crazy Yiuf shouts!
You open the door. You barely miss Crazy Yiuf.
Crazy Yiuf says, "Lay hand spinner!"
Crazy Yiuf hits you with a +3 quarterstaff of chaos!
You are poisoned.
You scratch Crazy Yiuf.
Crazy Yiuf is moderately wounded.
You feel very sick.
Crazy Yiuf cries, "Lay!"
Crazy Yiuf hits you with a +3 quarterstaff of chaos!
Ouch! That really hurt!
You die...

#....#
#....#
♣.P..♣
♣.P.♣♣
♣♣.♣♣
♣.♣♣
♣♣.♣
♣.♣♣
♣♣@♣
#g#
...
#...#
#..)#
#####


You could see Crazy Yiuf.

Vanquished Creatures
  An adder (D:2)
  3 endoplasms (D:1)
  2 goblins
  4 hobgoblins
  A quokka (D:2)
  3 ball pythons (D:1)
  A bat (D:1)
  A kobold (D:1)
16 creatures vanquished.

Vanquished Creatures (others)
  2 fungi (D:2)
2 creatures vanquished.

Grand Total: 18 creatures vanquished

Notes
Turn   | Place    | Note
-------+----------+-------------------------------------------
     0 | D:1      | lunkers the Troll Cinder Acolyte began the quest for the
                  | Orb.
     0 | D:1      | Reached XP level 1. HP: 22/22 MP: 1/1
   243 | D:1      | Reached XP level 2. HP: 27/29 MP: 2/2
   927 | D:2      | Found a runed translucent door.
   928 | D:2      | Noticed Crazy Yiuf
   933 | D:2      | Slain by Crazy Yiuf

Illustrated notes

Levels and vault maps discovered:
D:1:      minmay_arrival_hallway, layout_basic, minmay_pentomino_v4
D:2:      layout_basic, basic_altar, hex_medium, chequers_serial_rivers_large_a,
          corexii_item_surrounded_by_moat, dk_vineyard_2,
          minmay_gold_behind_fungi, kennysheep_generic_room_15, uniq_sigmund,
          uniq_crazy_yiuf_cottage

Action                   || total
-------------------------++-------
Melee: Unarmed           ||    45
Throw: Stone             ||    11
  Use: Scroll            ||     2
Armor: Robe              ||    14
Dodge: Dodged            ||    10
Block: Other             ||     1

Table legend: (Time is in decaauts)
 A = Elapsed time spent in this place.
 B = Non-inter-level travel time spent in this place.
 C = Inter-level travel time spent in this place.
 D = Time resting spent in this place.
 E = Time spent auto-exploring this place.
 F = Levels seen in this place.
 G = Mean time per level.
                   A        B        C        D        E       F      G
               +--------+--------+--------+--------+--------+-----+--------+
         Total |    930 |    849 |     81 |      0 |    662 |   2 |  465.0 |
       Dungeon |    930 |    849 |     81 |      0 |    662 |   2 |  465.0 |
               +--------+--------+--------+--------+--------+-----+--------+

Top non-repeatable levels by time:
     D:1: 755 daAuts
     D:2: 175 daAuts
